 Dungeon Crawl Stone Soup version 0.28-a0-1613-gdaab1c2f9b (webtiles) character file.

Game seed: 9737319898314672244

69 cheechan the Cutter (level 4, 0/23 HPs)
             Began as a Vampire Warper on Jan 21, 2022.
             Slain by an orc wizard (1 damage)
             ... on level 3 of the Dungeon.
             The game lasted 00:11:37 (2085 turns).

cheechan the Cutter (Vampire Warper)                Turns: 2085, Time: 00:11:38

Health: 0/23       AC:  4    Str: 12    XL:     4   Next: 2%
Magic:  1/7        EV: 11    Int: 15    God:
Gold:   156        SH:  5    Dex: 13    Spells: 4/7 levels left

rFire   . . .      SeeInvis +   a - +0 short sword
rCold   + + .      Faith    .   f - +2 buckler "Ihorr" {Harm SInv Stlth+}
rNeg    + + +      Spirit   .   b - +1 leather armour
rPois   ∞          Reflect  .   (helmet restricted)
rElec   .          Harm     +   (no cloak)
rCorr   .          Rampage  .   (no gloves)
Will    .....                   (no boots)
Stlth   ++++++....              (no amulet)
HPRegen 0.00/turn               (no ring)
MPRegen 0.10/turn               (no ring)

@: on blink cooldown, bloodless, inhibited regen
A: bloodless, fangs 3, see invisible, vampiric 2, antennae 1, hooves 1,
camouflage 1, frail 1
a: Bat Form, Revivify


You were on level 3 of the Dungeon.
You visited 1 branch of the dungeon, and saw 3 of its levels.

You collected 156 gold pieces.

Inventory:

Hand Weapons
 a - a +0 short sword (weapon)
 h - a +1 trident of venom
Missiles
 d - 5 boomerangs of dispersal (quivered)
 g - 26 stones
Armour
 b - a +1 leather armour (worn)
 f - the +2 buckler "Ihorr" (worn) {Harm SInv Stlth+}
   (You acquired it on level 2 of the Dungeon)

   SInv:      It lets you see invisible.
   Harm:      It increases damage dealt and taken.
   Stlth:     It makes you more stealthy.
Scrolls
 c - a scroll of blinking
 k - 2 scrolls of enchant armour
Potions
 e - 2 potions of invisibility
 i - a potion of degeneration {unknown}
 j - 2 potions of heal wounds {unknown}


   Skills:
 + Level 1.9 Fighting
 + Level 3.1 Short Blades
 + Level 0.7 Throwing
 + Level 1.3 Armour
 + Level 2.4 Dodging
 + Level 2.1 Stealth
 + Level 2.1 Spellcasting
 + Level 2.9 Translocations


You had 4 spell levels left.
You knew the following spells:

 Your Spells              Type           Power      Damage    Failure   Level
a - Blink                 Tloc           20%        N/A       19%         2
b - Animate Skeleton      Necr           2%         N/A       36%         1

Your spell library contained the following spells:

 Spells                   Type           Power      Damage    Failure   Level
 Apportation              Tloc           20%        N/A       12%         1
 Gell's Gravitas          Tloc           10%        N/A       34%         3
 Lesser Beckoning         Tloc           10%        N/A       34%         3
 Teleport Other           Tloc           10%        N/A       34%         3
 Foxfire                  Conj/Fire      4%         2x1d4     36%         1
 Summon Small Mammal      Summ           4%         N/A       36%         1
 Conjure Flame            Conj/Fire      1%         6-21      75%         3
 Inner Flame              Hex/Fire       1%         N/A       75%         3
 Flame Wave               Conj/Fire      1%         2d4       98%         4
 Manifold Assault         Tloc           10%        N/A       97%         5


Dungeon Overview and Level Annotations

Branches:
Dungeon (3/15)

Altars:


Innate Abilities, Weirdness & Mutations

You do not regenerate when monsters are visible.
You are frail without blood (-20% HP).
You can heal yourself when you bite living creatures.
You are immune to poison.
You have razor-sharp teeth.
You have supernaturally acute eyesight. (SInv)
You are afflicted with vampirism and can become a bat while bloodless.
You have a pair of small antennae on your head.
You have large cloven feet.
Your skin changes colour to match your surroundings (Stealth+).
You are frail. (-10% HP)


Message History

The orc wizard hits your orc skeleton with a +0 dagger.
The orc hits your orc skeleton with a +0 morningstar.
Your orc skeleton is destroyed!
Casting: Animate Skeleton (safe; 36% risk of failure)
Confirm with . or Enter, or press ? or * to list all spells.
There is nothing nearby to animate!
Found 6 gold pieces.
The orc wizard hits you with a +0 dagger.
The orc hits you with a +0 morningstar!
Ouch! That really hurt!
* * * LOW HITPOINT WARNING * * *
Things that are here:
a +0 club; a +0 falchion; a +0 club You hit the orc wizard but do no damage.
The orc wizard hits you with a +0 dagger.
* * * LOW HITPOINT WARNING * * *
Your magical contamination has completely faded away.
Casting: Animate Skeleton (safe; 36% risk of failure)
Confirm with . or Enter, or press ? or * to list all spells.
You blink.
You begin bloodletting.
You continue bloodletting. x4
You feel stable enough to blink again.
You continue bloodletting.
The orc wizard hits you with a +0 dagger.
* * * LOW HITPOINT WARNING * * *
You become bloodless.
Unknown command.
Casting: Blink (safe; 19% risk of failure)
Confirm with . or Enter, or press ? or * to list all spells.
You blink.
You hit the orc. You kick the orc.
You kill the orc!
You have reached level 4!
You barely miss the orc wizard. Your kick misses the orc wizard.
The orc wizard hits you with a +0 dagger.
* * * LOW HITPOINT WARNING * * *
You closely miss the orc wizard. You kick the orc wizard.
The orc wizard is lightly wounded.
The orc wizard hits you with a +0 dagger.
You die...

##..)..## #..........# #####
#.......# ##....>...###
#.......# #...#......#
#.......# #...#.#.......
####.....######.....#..###...
...................#..##. .##
#####.#########.))....... .
#.# ###.o..#.#.#+ #.#
##...@..#..P.P
#.######.<.##### ....
#.##.....#.# #..l
###....#####)# ... #....###
#...# ......## ...## ###>.##
#.... #.# #..### #. ...#


You could see an orc wizard (invisible).

Vanquished Creatures
  An adder (D:2)
  A worm (D:2)
  4 dart slugs
  4 orcs (D:3)
  3 ball pythons
  6 bats
  5 endoplasms
  4 giant cockroaches
  2 goblins (D:2)
  4 hobgoblins
  A quokka (D:2)
  3 frilled lizards (D:2)
  5 rats
43 creatures vanquished.

Notes
Turn   | Place    | Note
-------+----------+-------------------------------------------
     0 | D:1      | cheechan the Vampire Warper began the quest for the Orb.
     0 | D:1      | Reached XP level 1. HP: 16/16 MP: 3/3
   146 | D:1      | Reached XP level 2. HP: 17/22 MP: 5/5
   149 | D:1      | Learned a level 2 spell: Blink
   565 | D:1      | Found a faded altar of an unknown god.
  1132 | D:2      | Reached skill level 1 in Armour
  1176 | D:2      | Identified a scroll of acquirement
  1176 | D:2      | Acquired the +2 buckler "Ihorr" {Harm SInv Stlth+}
  1388 | D:2      | Gained mutation: You are afflicted with vampirism and can
                  | become a bat while bloodless. [Vampire growth]
  1388 | D:2      | Reached XP level 3. HP: 27/27 MP: 6/6
  1487 | D:2      | Reached skill level 1 in Stealth
  1629 | D:2      | Learned a level 1 spell: Animate Skeleton
  1645 | D:2      | Reached skill level 3 in Short Blades
  1664 | D:2      | Gained mutation: You are frail. (-10% HP) [potion of
                  | mutation]
  1664 | D:2      | Gained mutation: You have large cloven feet. [potion of
                  | mutation]
  1664 | D:2      | Gained mutation: Your skin changes colour to match your
                  | surroundings (Stealth+). [potion of mutation]
  1664 | D:2      | Gained mutation: You have a pair of small antennae on your
                  | head. [potion of mutation]
  2083 | D:3      | Reached XP level 4. HP: 4/23 MP: 0/7
  2084 | D:3      | HP: 1/23 [orc wizard (3)]
  2085 | D:3      | Slain by an orc wizard

Illustrated notes

Levels and vault maps discovered:
D:1:      sevenhm_arrival_forest_fort_large_4, layout_basic,
          chequers_ecumenical_altar_grove
D:2:      layout_loops_ring
D:3:      cheibrodos_old_hovel, layout_rooms, bloody_makhleb

Skill      XL: |  1  2  3 |
---------------+----------+-----
Armour         | 1 |  1.3
Stealth        | 2 |  2.1
Short Blades   | 3 |  3.1
Fighting       | |  1.9
Throwing       | |  0.7
Dodging        | |  2.4
Spellcasting   | |  2.1
Translocations | |  2.9

Action                   |  1- 3 |  4- 6 || total
-------------------------+-------+-------++-------
Melee: Short sword       |   106 |     2 ||   108
       Bite              |     8 |       ||     8
       Kick              |     4 |     1 ||     5
 Cast: Blink             |     4 |       ||     4
       Animate Skeleton  |     2 |       ||     2
 Abil: Exsanguinate      |     1 |       ||     1
  Use: Scroll            |     7 |       ||     7
       Potion            |     1 |       ||     1
 Stab: Sleeping          |    10 |       ||    10
Armor: Leather armour    |    43 |       ||    43
Dodge: Dodged            |    52 |       ||    52
Block: Buckler           |    14 |       ||    14

Table legend: (Time is in decaauts)
 A = Elapsed time spent in this place.
 B = Non-inter-level travel time spent in this place.
 C = Inter-level travel time spent in this place.
 D = Time resting spent in this place.
 E = Time spent auto-exploring this place.
 F = Levels seen in this place.
 G = Mean time per level.
                   A        B        C        D        E       F      G
               +--------+--------+--------+--------+--------+-----+--------+
         Total |   2083 |   2083 |      0 |      0 |      0 |   3 |  694.3 |
       Dungeon |   2083 |   2083 |      0 |      0 |      0 |   3 |  694.3 |
               +--------+--------+--------+--------+--------+-----+--------+

Top non-repeatable levels by time:
     D:1: 1128 daAuts
     D:2: 817 daAuts
     D:3: 137 daAuts
